Map: Dusk Towers

Players

Darkenhero

  • Race: Terran Terran
  • League: Gold

CaptRaynor - Winner!

  • Race: Protoss Protoss
  • League: Silver

VOD

Have the link to the VOD?

Description

Time

  • Played on: May 1, 2016, 7:17 p.m.
  • Length: 12:54
Show
View Real Time Build Order
Export as new Build Order

Darkenhero Terran 

Build Orders:  

Get SALT Encoding   

  12  0:02  SCV  
  13  0:15  SCV  
  14  0:26  Supply Depot  
  14  0:27  SCV  
  15  0:32  Refinery  
  15  0:35  Refinery  
  15  0:47  SCV  
  16  1:13  SCV  
  17  1:22  Barracks  
  17  1:25  SCV  
  18  1:44  SCV  
  18  1:58  SCV  
  19  2:13  Orbital Command  
  19  2:18  Factory  
  19  2:19  Barracks Tech Lab  
  20  2:44  SCV  
  20  2:52  Supply Depot  
  20  2:55  Barracks Tech Lab  
  20  2:56  SCV  
  21  3:04  Command Center  
  21  3:08  SCV  
  22  3:18  Starport  
  22  3:35  Starport  
  22  3:36  SCV  
  23  3:49  SCV  
  23  3:52  Engineering Bay  
  24  3:59  Banshee  
  24  4:01  SCV  
  28  4:12  Banshee  
  28  4:13  Cloaking Field  
  28  4:16  SCV  
  32  4:18  SCV  
  33  4:28  SCV  
  34  4:42  Banshee  
  34  4:44  Supply Depot, SCV  
  38  4:46  SCV  
  39  4:54  Banshee  
  39  4:56  SCV  
  39  4:58  Engineering Bay  
  43  5:00  SCV  
  44  5:09  SCV  
  44  5:12  SCV  
  46  5:23  SCV  
  46  5:27  Banshee  
  46  5:28  SCV  
  51  5:32  Marine  
  53  5:35  SCV  
  53  5:40  SCV, Barracks  
  54  5:47  Missile Turret  
  54  5:48  Missile Turret  
  54  5:50  Missile Turret  
  54  5:52  Missile Turret  
  54  5:55  Refinery  
  54  5:58  Missile Turret  
  54  6:02  Refinery  
  54  7:04  Banshee  
  54  7:11  Marine  
  54  7:12  SCV x2  
  54  7:22  Barracks  
  54  7:25  Supply Depot, Barracks  
  54  7:27  Barracks  
  54  7:28  Starport, Supply Depot, Barracks  
  54  7:30  Barracks  
  54  7:31  Missile Turret  
  54  7:32  Missile Turret  
  54  7:33  Missile Turret  
  54  7:34  Missile Turret  
  54  7:35  Factory  
  54  7:36  Missile Turret  
  54  7:42  Missile Turret  
  54  7:43  Supply Depot  
  54  7:44  Supply Depot  
  54  7:46  Widow Mine, Marine  
  54  7:47  Banshee, SCV x2  
  54  7:49  Banshee  
  54  7:50  Engineering Bay  
  65  7:59  SCV  
  65  8:03  Marine  
  65  8:04  Marine  
  68  8:11  Starport Tech Lab  
  68  8:12  SCV  
  69  8:14  Marine x2, SCV  
  72  8:21  Marine  
  72  8:22  Marine  
  72  8:24  SCV  
  72  8:27  SCV  
  76  8:29  Banshee  
  79  8:36  SCV  
  79  8:39  SCV  
  81  8:55  SCV, Marine x4  
  84  8:57  Supply Depot x3  
  84  8:58  Command Center  
  84  9:00  Supply Depot  
  86  9:05  Supply Depot x3  
  86  9:09  Supply Depot  
  86  9:18  Marine x5, SCV x2  
  93  9:29  Marine  
  93  9:30  SCV x2  
  96  9:31  Medivac  
  96  9:32  Medivac x2  
  96  9:36  Marine x5  
  107  9:43  SCV, Factory Tech Lab  
  108  9:46  Factory Tech Lab  
  108  9:47  Marine  
  108  9:49  Orbital Command  
  109  9:54  Missile Turret, Marine  
  109  9:56  SCV  
  106  10:30  Marine  
  106  10:31  Marine x6  
  113  10:41  Siege Tank  
  110  10:48  Marine  
  110  10:49  Marine x6  
  113  10:55  SCV  
  113  10:56  SCV  
  98  11:06  Marine x2  
  98  11:07  Marine x4  
  98  11:08  SCV  
  98  11:09  SCV  
  80  11:24  Marine x3  
  78  11:27  Siege Tank  
  77  11:37  SCV, Marine x2  
  77  11:38  SCV  
  77  11:42  Marine  
  39  12:04  SCV, Marine  
  20  12:19  SCV  
  8  12:40  SCV  
Show
View Real Time Build Order
Export as new Build Order

CaptRaynor Protoss - Winner!

Build Orders:  

Get SALT Encoding   

  12  0:01  Probe (Chrono Boost)  
  13  0:12  Probe (Chrono Boost)  
  14  0:18  Pylon  
  14  0:23  Probe (Chrono Boost)  
  15  0:36  Probe (Chrono Boost)  
  15  0:42  Gateway  
  16  0:46  Assimilator  
  16  0:47  Probe (Chrono Boost)  
  17  0:58  Probe (Chrono Boost)  
  18  1:08  Probe (Chrono Boost)  
  19  1:24  Probe (Chrono Boost)  
  20  1:27  Assimilator  
  20  1:30  Pylon  
  20  1:34  Cybernetics Core  
  20  1:46  Probe (Chrono Boost)  
  21  2:02  Nexus  
  21  2:06  Probe (Chrono Boost)  
  22  2:11  Warp Gate (Chrono Boost)  
  22  2:19  Mothership Core  
  24  2:40  Probe  
  24  2:42  Robotics Facility  
  25  2:48  Pylon  
  24  2:54  Probe  
  25  3:03  Forge  
  25  3:05  Pylon  
  25  3:13  Probe  
  25  3:15  Probe  
  27  3:29  Probe, Observer  
  27  3:31  Pylon, Probe  
  27  3:33  Assimilator  
  30  3:39  Protoss Ground Weapons Level 1 (Chrono Boost)  
  30  3:45  Gateway  
  30  3:47  Probe  
  31  4:01  Probe  
  32  4:02  Robotics Bay  
  32  4:09  Sentry  
  34  4:17  Immortal, Probe x2  
  40  4:30  Probe x2  
  42  4:43  Assimilator, Probe x2  
  44  4:55  Probe x2  
  46  5:12  Probe x2  
  54  5:16  Pylon  
  54  5:17  Adept  
  56  5:24  Twilight Council  
  56  5:26  Pylon  
  56  5:29  Probe x2  
  52  5:43  Stalker x2  
  52  5:49  Observer  
  56  5:52  Gateway  
  56  5:53  Gateway  
  56  5:55  Probe x2  
  59  6:07  Stalker x2, Probe  
  59  6:09  Probe  
  65  6:11  Photon Cannon  
  57  6:19  Probe  
  45  6:32  Stalker x2  
  43  6:44  Protoss Shields Level 1  
  41  6:50  Stalker  
  43  6:57  Pylon  
  43  6:59  Gateway x2  
  43  7:00  Stalker  
  43  7:01  Stalker  
  45  7:08  Blink (Chrono Boost)  
  43  7:16  Probe x2  
  43  7:21  Pylon  
  45  7:29  Pylon  
  45  7:30  Probe x2  
  45  7:33  Stalker  
  45  7:34  Stalker  
  51  7:44  Pylon  
  51  7:50  Probe x2  
  53  8:00  Warp Prism  
  53  8:02  Probe  
  53  8:03  Probe  
  57  8:13  Photon Cannon  
  57  8:14  Probe  
  57  8:15  Probe, Photon Cannon  
  57  8:18  Stalker  
  61  8:28  Colossus  
  67  8:44  Stalker x2  
  71  8:51  Protoss Ground Weapons Level 2 (Chrono Boost)  
  71  8:53  Pylon  
  71  9:02  Probe x2  
  73  9:13  Stalker x3  
  73  9:14  Probe x2  
  81  9:37  Stalker x5  
  91  9:49  Pylon  
  91  9:52  Pylon  
  91  9:54  Pylon  
  73  10:33  Stalker x5  
  73  10:34  Stalker  
  64  11:40  Pylon  
  62  12:05  Probe x2  
  54  12:20  Stalker x2  
  54  12:21  Stalker  
  48  12:45  Gateway  
  48  12:48  Pylon  
  48  12:50  Pylon  
Tags
 
Add a new tag
Caveats
  • Supply blocks, unpowered buildings, or Contaminate may cause inaccurate times.
  • Supply counts are checked every 10 seconds.